Workbook

Sheet 予算実績
A1: 予算実績管理表
A2: 月を選ぶと、その月と、期首からその月までの累計の予算・実績・差異・達成率を表示します。売上が予算より少ない、費用が予算より多いところは赤になります。
A3: 表示する月 | B3: 9月 | D3: =MATCH(B3,予算!$C$4:$N$4,0)
C4: =B3&"(当月)" | H4: 累計(期首から)
A5: 科目 | B5: 区分 | C5: 予算 | D5: 実績 | E5: 差異 | F5: 達成率 | H5: 予算 | I5: 実績 | J5: 差異 | K5: 達成率
A6: =予算!A5 | B6: =IF(予算!B5="","",予算!B5) | C6: =IFERROR(INDEX(予算!$C5:$N5,$D$3),"") | D6: =IFERROR(INDEX(実績!$C5:$N5,$D$3),"") | E6: =IF(OR(C6="",D6=""),"",D6-C6) | F6: =IF(OR(N(C6)=0,D6=""),"",D6/C6) | H6: =SUMPRODUCT((COLUMN(予算!$C5:$N5)-COLUMN(予算!$C5)+1<=$D$3)*N(+予算!$C5:$N5)) | I6: =SUMPRODUCT((COLUMN(実績!$C5:$N5)-COLUMN(実績!$C5)+1<=$D$3)*N(+実績!$C5:$N5)) | J6: =IF(OR(H6="",I6=""),"",I6-H6) | K6: =IF(OR(N(H6)=0,I6=""),"",I6/H6)
A7: =予算!A6 | B7: =IF(予算!B6="","",予算!B6) | C7: =IFERROR(INDEX(予算!$C6:$N6,$D$3),"") | D7: =IFERROR(INDEX(実績!$C6:$N6,$D$3),"") | E7: =IF(OR(C7="",D7=""),"",D7-C7) | F7: =IF(OR(N(C7)=0,D7=""),"",D7/C7) | H7: =SUMPRODUCT((COLUMN(予算!$C6:$N6)-COLUMN(予算!$C6)+1<=$D$3)*N(+予算!$C6:$N6)) | I7: =SUMPRODUCT((COLUMN(実績!$C6:$N6)-COLUMN(実績!$C6)+1<=$D$3)*N(+実績!$C6:$N6)) | J7: =IF(OR(H7="",I7=""),"",I7-H7) | K7: =IF(OR(N(H7)=0,I7=""),"",I7/H7)
A8: =予算!A7 | B8: =IF(予算!B7="","",予算!B7) | C8: =IFERROR(INDEX(予算!$C7:$N7,$D$3),"") | D8: =IFERROR(INDEX(実績!$C7:$N7,$D$3),"") | E8: =IF(OR(C8="",D8=""),"",D8-C8) | F8: =IF(OR(N(C8)=0,D8=""),"",D8/C8) | H8: =SUMPRODUCT((COLUMN(予算!$C7:$N7)-COLUMN(予算!$C7)+1<=$D$3)*N(+予算!$C7:$N7)) | I8: =SUMPRODUCT((COLUMN(実績!$C7:$N7)-COLUMN(実績!$C7)+1<=$D$3)*N(+実績!$C7:$N7)) | J8: =IF(OR(H8="",I8=""),"",I8-H8) | K8: =IF(OR(N(H8)=0,I8=""),"",I8/H8)
A9: =予算!A8 | B9: =IF(予算!B8="","",予算!B8) | C9: =IFERROR(INDEX(予算!$C8:$N8,$D$3),"") | D9: =IFERROR(INDEX(実績!$C8:$N8,$D$3),"") | E9: =IF(OR(C9="",D9=""),"",D9-C9) | F9: =IF(OR(N(C9)=0,D9=""),"",D9/C9) | H9: =SUMPRODUCT((COLUMN(予算!$C8:$N8)-COLUMN(予算!$C8)+1<=$D$3)*N(+予算!$C8:$N8)) | I9: =SUMPRODUCT((COLUMN(実績!$C8:$N8)-COLUMN(実績!$C8)+1<=$D$3)*N(+実績!$C8:$N8)) | J9: =IF(OR(H9="",I9=""),"",I9-H9) | K9: =IF(OR(N(H9)=0,I9=""),"",I9/H9)
A10: =予算!A9 | B10: =IF(予算!B9="","",予算!B9) | C10: =IFERROR(INDEX(予算!$C9:$N9,$D$3),"") | D10: =IFERROR(INDEX(実績!$C9:$N9,$D$3),"") | E10: =IF(OR(C10="",D10=""),"",D10-C10) | F10: =IF(OR(N(C10)=0,D10=""),"",D10/C10) | H10: =SUMPRODUCT((COLUMN(予算!$C9:$N9)-COLUMN(予算!$C9)+1<=$D$3)*N(+予算!$C9:$N9)) | I10: =SUMPRODUCT((COLUMN(実績!$C9:$N9)-COLUMN(実績!$C9)+1<=$D$3)*N(+実績!$C9:$N9)) | J10: =IF(OR(H10="",I10=""),"",I10-H10) | K10: =IF(OR(N(H10)=0,I10=""),"",I10/H10)
A11: =予算!A10 | B11: =IF(予算!B10="","",予算!B10) | C11: =IFERROR(INDEX(予算!$C10:$N10,$D$3),"") | D11: =IFERROR(INDEX(実績!$C10:$N10,$D$3),"") | E11: =IF(OR(C11="",D11=""),"",D11-C11) | F11: =IF(OR(N(C11)=0,D11=""),"",D11/C11) | H11: =SUMPRODUCT((COLUMN(予算!$C10:$N10)-COLUMN(予算!$C10)+1<=$D$3)*N(+予算!$C10:$N10)) | I11: =SUMPRODUCT((COLUMN(実績!$C10:$N10)-COLUMN(実績!$C10)+1<=$D$3)*N(+実績!$C10:$N10)) | J11: =IF(OR(H11="",I11=""),"",I11-H11) | K11: =IF(OR(N(H11)=0,I11=""),"",I11/H11)
A12: =予算!A11 | B12: =IF(予算!B11="","",予算!B11) | C12: =IFERROR(INDEX(予算!$C11:$N11,$D$3),"") | D12: =IFERROR(INDEX(実績!$C11:$N11,$D$3),"") | E12: =IF(OR(C12="",D12=""),"",D12-C12) | F12: =IF(OR(N(C12)=0,D12=""),"",D12/C12) | H12: =SUMPRODUCT((COLUMN(予算!$C11:$N11)-COLUMN(予算!$C11)+1<=$D$3)*N(+予算!$C11:$N11)) | I12: =SUMPRODUCT((COLUMN(実績!$C11:$N11)-COLUMN(実績!$C11)+1<=$D$3)*N(+実績!$C11:$N11)) | J12: =IF(OR(H12="",I12=""),"",I12-H12) | K12: =IF(OR(N(H12)=0,I12=""),"",I12/H12)
A13: =予算!A12 | B13: =IF(予算!B12="","",予算!B12) | C13: =IFERROR(INDEX(予算!$C12:$N12,$D$3),"") | D13: =IFERROR(INDEX(実績!$C12:$N12,$D$3),"") | E13: =IF(OR(C13="",D13=""),"",D13-C13) | F13: =IF(OR(N(C13)=0,D13=""),"",D13/C13) | H13: =SUMPRODUCT((COLUMN(予算!$C12:$N12)-COLUMN(予算!$C12)+1<=$D$3)*N(+予算!$C12:$N12)) | I13: =SUMPRODUCT((COLUMN(実績!$C12:$N12)-COLUMN(実績!$C12)+1<=$D$3)*N(+実績!$C12:$N12)) | J13: =IF(OR(H13="",I13=""),"",I13-H13) | K13: =IF(OR(N(H13)=0,I13=""),"",I13/H13)
A14: =予算!A13 | B14: =IF(予算!B13="","",予算!B13) | C14: =IFERROR(INDEX(予算!$C13:$N13,$D$3),"") | D14: =IFERROR(INDEX(実績!$C13:$N13,$D$3),"") | E14: =IF(OR(C14="",D14=""),"",D14-C14) | F14: =IF(OR(N(C14)=0,D14=""),"",D14/C14) | H14: =SUMPRODUCT((COLUMN(予算!$C13:$N13)-COLUMN(予算!$C13)+1<=$D$3)*N(+予算!$C13:$N13)) | I14: =SUMPRODUCT((COLUMN(実績!$C13:$N13)-COLUMN(実績!$C13)+1<=$D$3)*N(+実績!$C13:$N13)) | J14: =IF(OR(H14="",I14=""),"",I14-H14) | K14: =IF(OR(N(H14)=0,I14=""),"",I14/H14)
A15: =予算!A14 | B15: =IF(予算!B14="","",予算!B14) | C15: =IFERROR(INDEX(予算!$C14:$N14,$D$3),"") | D15: =IFERROR(INDEX(実績!$C14:$N14,$D$3),"") | E15: =IF(OR(C15="",D15=""),"",D15-C15) | F15: =IF(OR(N(C15)=0,D15=""),"",D15/C15) | H15: =SUMPRODUCT((COLUMN(予算!$C14:$N14)-COLUMN(予算!$C14)+1<=$D$3)*N(+予算!$C14:$N14)) | I15: =SUMPRODUCT((COLUMN(実績!$C14:$N14)-COLUMN(実績!$C14)+1<=$D$3)*N(+実績!$C14:$N14)) | J15: =IF(OR(H15="",I15=""),"",I15-H15) | K15: =IF(OR(N(H15)=0,I15=""),"",I15/H15)
A16: =予算!A15 | B16: =IF(予算!B15="","",予算!B15) | C16: =IFERROR(INDEX(予算!$C15:$N15,$D$3),"") | D16: =IFERROR(INDEX(実績!$C15:$N15,$D$3),"") | E16: =IF(OR(C16="",D16=""),"",D16-C16) | F16: =IF(OR(N(C16)=0,D16=""),"",D16/C16) | H16: =SUMPRODUCT((COLUMN(予算!$C15:$N15)-COLUMN(予算!$C15)+1<=$D$3)*N(+予算!$C15:$N15)) | I16: =SUMPRODUCT((COLUMN(実績!$C15:$N15)-COLUMN(実績!$C15)+1<=$D$3)*N(+実績!$C15:$N15)) | J16: =IF(OR(H16="",I16=""),"",I16-H16) | K16: =IF(OR(N(H16)=0,I16=""),"",I16/H16)
A17: =予算!A16 | C17: =IFERROR(INDEX(予算!$C16:$N16,$D$3),"") | D17: =IFERROR(INDEX(実績!$C16:$N16,$D$3),"") | E17: =IF(OR(C17="",D17=""),"",D17-C17) | F17: =IF(OR(N(C17)=0,D17=""),"",D17/C17) | H17: =SUMPRODUCT((COLUMN(予算!$C16:$N16)-COLUMN(予算!$C16)+1<=$D$3)*N(+予算!$C16:$N16)) | I17: =SUMPRODUCT((COLUMN(実績!$C16:$N16)-COLUMN(実績!$C16)+1<=$D$3)*N(+実績!$C16:$N16)) | J17: =IF(OR(H17="",I17=""),"",I17-H17) | K17: =IF(OR(N(H17)=0,I17=""),"",I17/H17)
A18: =予算!A17 | C18: =IFERROR(INDEX(予算!$C17:$N17,$D$3),"") | D18: =IFERROR(INDEX(実績!$C17:$N17,$D$3),"") | E18: =IF(OR(C18="",D18=""),"",D18-C18) | F18: =IF(OR(N(C18)=0,D18=""),"",D18/C18) | H18: =SUMPRODUCT((COLUMN(予算!$C17:$N17)-COLUMN(予算!$C17)+1<=$D$3)*N(+予算!$C17:$N17)) | I18: =SUMPRODUCT((COLUMN(実績!$C17:$N17)-COLUMN(実績!$C17)+1<=$D$3)*N(+実績!$C17:$N17)) | J18: =IF(OR(H18="",I18=""),"",I18-H18) | K18: =IF(OR(N(H18)=0,I18=""),"",I18/H18)
A20: ※差異=実績−予算。達成率=実績÷予算(費用は予算をどれだけ使ったか)。累計は、実績が入っていない月を0として計算します。

Sheet 予算
A1: 予算(月別)
A2: 1年分の予算を科目ごと・月ごとに入れます。科目は書き換えてかまいません(区分は「収入」か「費用」を選ぶ)。
A4: 科目 | B4: 区分 | C4: 4月 | D4: 5月 | E4: 6月 | F4: 7月 | G4: 8月 | H4: 9月 | I4: 10月 | J4: 11月 | K4: 12月 | L4: 1月 | M4: 2月 | N4: 3月 | O4: 年間合計
A5: 売上高 | B5: 収入 | C5: 2500000 | D5: 2620000 | E5: 2380000 | F5: 2750000 | G5: 2250000 | H5: 2500000 | I5: 2500000 | J5: 2620000 | K5: 3250000 | L5: 2120000 | M5: 2250000 | N5: 2750000 | O5: =SUM(C5:N5)
A6: 仕入 | B6: 費用 | C6: 1000000 | D6: 1050000 | E6: 950000 | F6: 1100000 | G6: 900000 | H6: 1000000 | I6: 1000000 | J6: 1050000 | K6: 1300000 | L6: 850000 | M6: 900000 | N6: 1100000 | O6: =SUM(C6:N6)
A7: 給料・賞与 | B7: 費用 | C7: 600000 | D7: 600000 | E7: 600000 | F7: 600000 | G7: 600000 | H7: 600000 | I7: 600000 | J7: 600000 | K7: 600000 | L7: 600000 | M7: 600000 | N7: 600000 | O7: =SUM(C7:N7)
A8: 法定福利費 | B8: 費用 | C8: 90000 | D8: 90000 | E8: 90000 | F8: 90000 | G8: 90000 | H8: 90000 | I8: 90000 | J8: 90000 | K8: 90000 | L8: 90000 | M8: 90000 | N8: 90000 | O8: =SUM(C8:N8)
A9: 地代家賃 | B9: 費用 | C9: 200000 | D9: 200000 | E9: 200000 | F9: 200000 | G9: 200000 | H9: 200000 | I9: 200000 | J9: 200000 | K9: 200000 | L9: 200000 | M9: 200000 | N9: 200000 | O9: =SUM(C9:N9)
A10: 広告宣伝費 | B10: 費用 | C10: 80000 | D10: 80000 | E10: 80000 | F10: 80000 | G10: 80000 | H10: 80000 | I10: 80000 | J10: 80000 | K10: 80000 | L10: 80000 | M10: 80000 | N10: 80000 | O10: =SUM(C10:N10)
A11: 水道光熱費 | B11: 費用 | C11: 40000 | D11: 40000 | E11: 40000 | F11: 40000 | G11: 40000 | H11: 40000 | I11: 40000 | J11: 40000 | K11: 40000 | L11: 40000 | M11: 40000 | N11: 40000 | O11: =SUM(C11:N11)
A12: 通信費 | B12: 費用 | C12: 25000 | D12: 25000 | E12: 25000 | F12: 25000 | G12: 25000 | H12: 25000 | I12: 25000 | J12: 25000 | K12: 25000 | L12: 25000 | M12: 25000 | N12: 25000 | O12: =SUM(C12:N12)
A13: 旅費交通費 | B13: 費用 | C13: 30000 | D13: 30000 | E13: 30000 | F13: 30000 | G13: 30000 | H13: 30000 | I13: 30000 | J13: 30000 | K13: 30000 | L13: 30000 | M13: 30000 | N13: 30000 | O13: =SUM(C13:N13)
A14: 消耗品費 | B14: 費用 | C14: 20000 | D14: 20000 | E14: 20000 | F14: 20000 | G14: 20000 | H14: 20000 | I14: 20000 | J14: 20000 | K14: 20000 | L14: 20000 | M14: 20000 | N14: 20000 | O14: =SUM(C14:N14)
A15: その他の経費 | B15: 費用 | C15: 50000 | D15: 50000 | E15: 50000 | F15: 50000 | G15: 50000 | H15: 50000 | I15: 50000 | J15: 50000 | K15: 50000 | L15: 50000 | M15: 50000 | N15: 50000 | O15: =SUM(C15:N15)
A16: 費用の合計 | C16: =IF(COUNT(C5:C15)=0,"",SUMIF($B$5:$B$15,"費用",C$5:C$15)) | D16: =IF(COUNT(D5:D15)=0,"",SUMIF($B$5:$B$15,"費用",D$5:D$15)) | E16: =IF(COUNT(E5:E15)=0,"",SUMIF($B$5:$B$15,"費用",E$5:E$15)) | F16: =IF(COUNT(F5:F15)=0,"",SUMIF($B$5:$B$15,"費用",F$5:F$15)) | G16: =IF(COUNT(G5:G15)=0,"",SUMIF($B$5:$B$15,"費用",G$5:G$15)) | H16: =IF(COUNT(H5:H15)=0,"",SUMIF($B$5:$B$15,"費用",H$5:H$15)) | I16: =IF(COUNT(I5:I15)=0,"",SUMIF($B$5:$B$15,"費用",I$5:I$15)) | J16: =IF(COUNT(J5:J15)=0,"",SUMIF($B$5:$B$15,"費用",J$5:J$15)) | ... N16: =IF(COUNT(N5:N15)=0,"",SUMIF($B$5:$B$15,"費用",N$5:N$15)) | O16: =SUMIF($B$5:$B$15,"費用",O$5:O$15)
A17: 利益 | C17: =IF(COUNT(C5:C15)=0,"",C5-C16) | D17: =IF(COUNT(D5:D15)=0,"",D5-D16) | E17: =IF(COUNT(E5:E15)=0,"",E5-E16) | F17: =IF(COUNT(F5:F15)=0,"",F5-F16) | G17: =IF(COUNT(G5:G15)=0,"",G5-G16) | H17: =IF(COUNT(H5:H15)=0,"",H5-H16) | I17: =IF(COUNT(I5:I15)=0,"",I5-I16) | J17: =IF(COUNT(J5:J15)=0,"",J5-J16) | ... N17: =IF(COUNT(N5:N15)=0,"",N5-N16) | O17: =O5-O16

Sheet 実績
A1: 実績(月別)
A2: 月が終わったら、実績を入れます。科目は「予算」シートと同じものが表示されます。
A4: 科目 | B4: 区分 | C4: 4月 | D4: 5月 | E4: 6月 | F4: 7月 | G4: 8月 | H4: 9月 | I4: 10月 | J4: 11月 | K4: 12月 | L4: 1月 | M4: 2月 | N4: 3月 | O4: 年間合計
A5: =予算!A5 | B5: =予算!B5 | C5: 2396000 | D5: 2429000 | E5: 2421000 | F5: 2511000 | G5: 1935000 | H5: 2415000 | O5: =SUM(C5:N5)
A6: =予算!A6 | B6: =予算!B6 | C6: 910000 | D6: 1041000 | E6: 861000 | F6: 1076000 | G6: 821000 | H6: 916000 | O6: =SUM(C6:N6)
A7: =予算!A7 | B7: =予算!B7 | C7: 586000 | D7: 629000 | E7: 553000 | F7: 564000 | G7: 608000 | H7: 642000 | O7: =SUM(C7:N7)
A8: =予算!A8 | B8: =予算!B8 | C8: 90000 | D8: 87000 | E8: 97000 | F8: 82000 | G8: 95000 | H8: 86000 | O8: =SUM(C8:N8)
A9: =予算!A9 | B9: =予算!B9 | C9: 200000 | D9: 200000 | E9: 200000 | F9: 200000 | G9: 200000 | H9: 200000 | O9: =SUM(C9:N9)
A10: =予算!A10 | B10: =予算!B10 | C10: 74000 | D10: 74000 | E10: 76000 | F10: 84000 | G10: 75000 | H10: 80000 | O10: =SUM(C10:N10)
A11: =予算!A11 | B11: =予算!B11 | C11: 41000 | D11: 39000 | E11: 40000 | F11: 36000 | G11: 36000 | H11: 37000 | O11: =SUM(C11:N11)
A12: =予算!A12 | B12: =予算!B12 | C12: 26000 | D12: 24000 | E12: 24000 | F12: 25000 | G12: 25000 | H12: 24000 | O12: =SUM(C12:N12)
A13: =予算!A13 | B13: =予算!B13 | C13: 31000 | D13: 31000 | E13: 28000 | F13: 30000 | G13: 30000 | H13: 32000 | O13: =SUM(C13:N13)
A14: =予算!A14 | B14: =予算!B14 | C14: 21000 | D14: 19000 | E14: 22000 | F14: 18000 | G14: 20000 | H14: 21000 | O14: =SUM(C14:N14)
A15: =予算!A15 | B15: =予算!B15 | C15: 46000 | D15: 49000 | E15: 45000 | F15: 51000 | G15: 52000 | H15: 50000 | O15: =SUM(C15:N15)
A16: 費用の合計 | C16: =IF(COUNT(C5:C15)=0,"",SUMIF($B$5:$B$15,"費用",C$5:C$15)) | D16: =IF(COUNT(D5:D15)=0,"",SUMIF($B$5:$B$15,"費用",D$5:D$15)) | E16: =IF(COUNT(E5:E15)=0,"",SUMIF($B$5:$B$15,"費用",E$5:E$15)) | F16: =IF(COUNT(F5:F15)=0,"",SUMIF($B$5:$B$15,"費用",F$5:F$15)) | G16: =IF(COUNT(G5:G15)=0,"",SUMIF($B$5:$B$15,"費用",G$5:G$15)) | H16: =IF(COUNT(H5:H15)=0,"",SUMIF($B$5:$B$15,"費用",H$5:H$15)) | I16: =IF(COUNT(I5:I15)=0,"",SUMIF($B$5:$B$15,"費用",I$5:I$15)) | J16: =IF(COUNT(J5:J15)=0,"",SUMIF($B$5:$B$15,"費用",J$5:J$15)) | ... N16: =IF(COUNT(N5:N15)=0,"",SUMIF($B$5:$B$15,"費用",N$5:N$15)) | O16: =SUMIF($B$5:$B$15,"費用",O$5:O$15)
A17: 利益 | C17: =IF(COUNT(C5:C15)=0,"",C5-C16) | D17: =IF(COUNT(D5:D15)=0,"",D5-D16) | E17: =IF(COUNT(E5:E15)=0,"",E5-E16) | F17: =IF(COUNT(F5:F15)=0,"",F5-F16) | G17: =IF(COUNT(G5:G15)=0,"",G5-G16) | H17: =IF(COUNT(H5:H15)=0,"",H5-H16) | I17: =IF(COUNT(I5:I15)=0,"",I5-I16) | J17: =IF(COUNT(J5:J15)=0,"",J5-J16) | ... N17: =IF(COUNT(N5:N15)=0,"",N5-N16) | O17: =O5-O16
